 Dungeon Crawl Stone Soup version 0.30-a0-40-gc6d0f036a7 (webtiles) character file.

Game seed: 9190966289902908623

2843 Pooter the Cleaver (level 9, 0/79 HPs)
             Began as a Minotaur Monk on Aug 29, 2022.
             Was a Believer of Okawaru.
             Slain by an orc priest
             ... wielding a +1 hand axe of freezing
              (1 damage)
             ... on level 7 of the Dungeon on Aug 30, 2022.
             The game lasted 00:35:40 (7267 turns).

Pooter the Cleaver (Minotaur Monk)                  Turns: 7267, Time: 00:35:40

Health: 0/79       AC:  9    Str: 20    XL:     9   Next: 46%
Magic:  7/8        EV: 12    Int:  7    God:    Okawaru [**....]
Gold:   370        SH:  5    Dex: 13    Spells: 8/8 levels left

rFire   . . .      SeeInvis .    a - +0 war axe
rCold   + . .      Faith    .    (no shield)
rNeg    . . .      Spirit   .    p - +2 ring mail {rPois}
rPois   +          Reflect  +    (helmet restricted)
rElec   +          Harm     .    J - +0 cloak
rCorr   .          Rampage  .    f - +0 pair of gloves
Will    +....                    (no boots)
Stlth   +.........               A - amulet of reflection
HPRegen 0.23/turn                M - ring of willpower
MPRegen 0.11/turn                I - ring of the Noxious Mangosteen {rElec rC+}

@: no status effects
A: horns 2, retaliatory headbutt
a: Renounce Religion, Heroism


You were on level 7 of the Dungeon.
You worshipped Okawaru.
Okawaru was pleased with you.
You visited 2 branches of the dungeon, and saw 8 of its levels.

You collected 370 gold pieces.

Inventory:

Hand Weapons
 a - a +0 war axe (weapon)
   (You took it off an orc on level 4 of the Dungeon)
 b - a +0 shortbow
   (You took it off a centaur on level 6 of the Dungeon)
 e - a +0 hand axe of venom
   (You found it on level 1 of the Dungeon)
 u - the +3 spear "Gonoskuu" {vorpal, +Blink rCorr Int-5}
   (You found it on level 4 of the Dungeon)

   It inflicts extra damage upon your enemies.
   Int:       It affects your intelligence (-5).
   +Blink:    It lets you blink.
   rCorr:     It protects you from acid and corrosion.
 w - a +2 hand axe of draining
   (You took it off an orc on level 3 of the Dungeon)
 K - a +2 flail of holy wrath
   (You took it off an orc on level 5 of the Dungeon)
 N - a +1 sling of flaming
   (You took it off a goblin on level 2 of the Dungeon)
 O - a +0 trident of venom
   (You took it off an orc on level 6 of the Dungeon)
 R - a +1 hand axe of flaming
   (You took it off an orc on level 6 of the Dungeon)
Missiles
 s - 19 poisoned darts (quivered)
 D - 7 boomerangs
 Q - 65 stones
Armour
 f - a +0 pair of gloves (worn)
   (You found it on level 1 of the Dungeon)
 p - a +2 ring mail of poison resistance (worn)
   (You took it off a goblin on level 2 of the Dungeon)
 q - a +2 chain mail of cold resistance
   (You took it off Terence on level 3 of the Dungeon)
 J - a +0 cloak (worn)
   (You found it on level 5 of the Dungeon)
Jewellery
 m - an amulet of magic regeneration
   (You found it on level 1 of the Dungeon)
 A - an amulet of reflection (around neck)
   (You found it on level 4 of the Dungeon)
 C - a ring of resist corrosion
   (You found it on level 2 of the Dungeon)
 F - a ring of protection from fire
   (You found it on level 4 of the Dungeon)
 G - an amulet of guardian spirit
   (You found it on level 4 of the Dungeon)
 I - the ring of the Noxious Mangosteen (right hand) {rElec rC+}
   (You took it off a goblin on level 2 of the Dungeon)

   [ring of protection from cold]

   rC:        It protects you from cold.
   rElec:     It insulates you from electricity.
 M - a ring of willpower (left hand)
   (You found it on level 5 of the Dungeon)
 P - a ring of poison resistance
   (You found it on level 5 of the Dungeon)
 W - a ring of wizardry
   (You found it on level 1 of the Dungeon)
Wands
 x - a wand of acid (1)
   (You took it off a kobold on level 3 of the Dungeon)
Scrolls
 g - a scroll of fear
 h - a scroll of blinking
 i - 3 scrolls of teleportation {unknown}
 r - a scroll of silence
 y - a scroll of immolation {unknown}
 B - a scroll of brand weapon {unknown}
 E - a scroll of noise {unknown}
 H - a scroll of amnesia {unknown}
 L - a scroll of acquirement {unknown}
Potions
 c - 2 potions of ambrosia
 d - a potion of mutation {unknown}
 j - a potion of attraction {unknown}
 k - 2 potions of heal wounds {unknown}
 l - 4 potions of curing {unknown}
 n - 3 potions of lignification {unknown}
 o - a potion of flight {unknown}
 t - a potion of degeneration {unknown}
 v - 2 potions of berserk rage {unknown}
 z - 3 potions of haste {unknown}
 S - a potion of might {unknown}


   Skills:
 + Level 7.5 Fighting
 * Level 10.1 Axes
 * Level 8.1 Ranged Weapons
 - Level 3.2 Dodging
 - Level 1.5 Stealth
 + Level 4.1 Evocations


You had 8 spell levels left.
You didn't know any spells.
Your spell library contained the following spells:

 Spells                   Type           Power      Damage    Failure   Level
 Foxfire                  Conj/Fire      0%         2x1d4     63%         1
 Magic Dart               Conj           0%         1d3       63%         1
 Searing Ray              Conj           0%         2d4       77%         2
 Confusing Touch          Hex            0%         N/A       94%         3
 Conjure Flame            Conj/Fire      0%         6-21      94%         3
 Inner Flame              Hex/Fire       0%         N/A       94%         3
 Flame Wave               Conj/Fire      0%         2d4       100%        4
 Fulminant Prism          Conj/Hex       0%         3d6       100%        4
 Yara's Violent Unravell  Hex/Tmut       0%         3d3       100%        5
 Enfeeble                 Hex            0%         N/A       100%        7


Dungeon Overview and Level Annotations

Branches:
Dungeon (7/15)             Temple (1/1) D:5

Altars:
Cheibriados
Gozag
Hepliaklqana
Okawaru
Qazlal
Ru
Sif Muna
Wu Jian
Yredelemnul
Zin
The Shining One


Innate Abilities, Weirdness & Mutations

You have a pair of horns on your head.
You reflexively headbutt those who attack you in melee.


Message History

* * * LOW HITPOINT WARNING * * *
The steam dragon misses you. The orc hits you but does no damage.
An orc comes into view. It is wielding a +0 whip.
You hit the steam dragon but do no damage.
You barely miss the orc. You slash the orc!
You kill the orc!
Okawaru accepts your kill.
You hit the steam dragon but do no damage.
You barely miss the orc. The steam dragon misses you. You furiously retaliate!
You headbutt the steam dragon, but do no damage.
You block the steam dragon's attack. The orc hits you but does no damage.
You barely miss the steam dragon. You hit the orc.
You block the steam dragon's attack. The steam dragon completely misses you.
You hit the steam dragon but do no damage.
You barely miss the orc.
You feel like a meek peon again. The steam dragon barely misses you.
You furiously retaliate!
You headbutt the steam dragon!
You kill the steam dragon!
Okawaru accepts your kill.
The steam dragon scales are intact enough to wear.
The orc hits you with a +0 hand axe.
* * * LOW HITPOINT WARNING * * *
You closely miss the orc priest. You headbutt the orc priest.
You slash the orc!
You kill the orc!
Okawaru accepts your kill. You block the orc priest's attack.
You hit the orc priest. You hit the orc.
The orc priest hits you with a +1 hand axe of freezing.
* * * LOW HITPOINT WARNING * * *
The orc priest freezes you.
* * * LOW HITPOINT WARNING * * *
You block the orc's attack.
You hit the orc priest but do no damage.
You hit the orc.
You kill the orc!
Okawaru accepts your kill.
The orc priest hits you with a +1 hand axe of freezing.
* * * LOW HITPOINT WARNING * * *
You hit the orc priest but do no damage.
Your headbutt misses the orc priest. The orc priest closely misses you.
You furiously retaliate!
You headbutt the orc priest. You closely miss the orc priest.
You block the orc priest's attack.
Unknown command.
You barely miss the orc priest. Your headbutt misses the orc priest.
The orc priest hits you with a +1 hand axe of freezing.
* * * LOW HITPOINT WARNING * * *
The orc priest freezes you.
You die...

.## .. .. ..# #. .## #
#.#####...#
##.#.......#.#########
#...)o..# #.#........
#...[@).# #.#.#######
#.......####....###
...................)#
##........####....#.#
#....?...# #.#.##.#
#.....$..# ....# #
#.###.##.# #..### #.
[.. ... ...# .##.
#.###.##


You could see an orc priest.

Vanquished Creatures
  A cyclops (D:6)
  Grinder (D:3)
  A wraith (D:6)
  A steam dragon (D:7)
  Eustachio (D:4)
  An orc warrior (D:6)
  A sky beast (D:6)
  An ice beast (D:5)
  3 ogres
  2 black bears
  A centaur (D:6)
  A phantom (D:6)
  A kobold brigand (D:6)
  A bullfrog (D:6)
  4 scorpions
  A necrophage (D:5)
  A hound (D:4)
  3 orc priests
  A jelly (D:4)
  3 iguanas
  Jessica (D:3)
  Ijyb (D:3)
  Terence (D:3)
  2 orc wizards (D:6)
  3 gnolls (D:2)
  9 adders
  A white imp (D:5)
  An ufetubus (D:6)
  A worm (D:2)
  2 dart slugs (D:4)
  30 orcs
  7 ball pythons
  7 endoplasms
  2 giant cockroaches (D:4)
  8 goblins
  6 hobgoblins
  7 jackals
  2 quokkas
  3 bats
  4 frilled lizards
  16 kobolds
  3 rats
147 creatures vanquished.

Vanquished Creatures (others)
  23 plants (D:4)
23 creatures vanquished.

Grand Total: 170 creatures vanquished

Notes
Turn   | Place    | Note
-------+----------+-------------------------------------------
     0 | D:1      | Pooter the Minotaur Monk began the quest for the Orb.
     0 | D:1      | Reached XP level 1. HP: 19/19 MP: 0/0
   311 | D:1      | Reached skill level 4 in Axes
   317 | D:1      | Reached XP level 2. HP: 24/27 MP: 1/1
   884 | D:2      | Identified the +4 dagger of Prescription {drain, rElec rN+
                  | Int-2}
   900 | D:2      | Found a faded altar of an unknown god.
  1306 | D:2      | Reached XP level 3. HP: 33/33 MP: 2/2
  1393 | D:2      | Reached skill level 1 in Ranged Weapons
  1484 | D:2      | Reached skill level 5 in Axes
  1491 | D:2      | Reached XP level 4. HP: 29/41 MP: 3/3
  2709 | D:2      | Identified the ring of the Noxious Mangosteen {rElec rC+}
  2759 | D:3      | Noticed Jessica
  2762 | D:3      | Killed Jessica
  2774 | D:3      | Noticed Ijyb
  2781 | D:3      | Killed Ijyb
  2782 | D:3      | Reached XP level 5. HP: 39/47 MP: 4/4
  2782 | D:3      | Noticed Terence
  2789 | D:3      | Killed Terence
  3013 | D:3      | Noticed Grinder
  3028 | D:3      | Killed Grinder
  3029 | D:3      | Reached skill level 5 in Fighting
  3029 | D:3      | Reached skill level 6 in Axes
  3029 | D:3      | Reached skill level 1 in Evocations
  3029 | D:3      | Reached XP level 6. HP: 50/56 MP: 5/5
  3946 | D:4      | Reached XP level 7. HP: 49/61 MP: 6/6
  4009 | D:4      | Identified the +1 helmet "Ezyjeixa" {rElec Str-4 Int+2}
  4032 | D:4      | Reached skill level 7 in Axes
  4036 | D:4      | Found a stormy altar of Qazlal.
  4038 | D:4      | Found a glowing golden altar of the Shining One.
  4046 | D:4      | Identified the +3 spear "Gonoskuu" {vorpal, +Blink rCorr
                  | Int-5}
  4119 | D:4      | Reached skill level 5 in Ranged Weapons
  4773 | D:4      | Noticed Eustachio
  4784 | D:4      | Killed Eustachio
  4790 | D:4      | Reached XP level 8. HP: 60/70 MP: 7/7
  4974 | D:4      | Found a glowing silver altar of Zin.
  5097 | D:5      | Entered Level 5 of the Dungeon
  5239 | D:5      | Reached skill level 8 in Axes
  5276 | D:5      | Found a shimmering blue altar of Sif Muna.
  5489 | D:5      | Found a staircase to the Ecumenical Temple.
  5504 | Temple   | Entered the Ecumenical Temple
  5531 | Temple   | Became a worshipper of Warmaster Okawaru
  5531 | Temple   | Reached * piety under Okawaru
  5531 | Temple   | Reached ** piety under Okawaru
  5924 | D:6      | Reached skill level 9 in Axes
  6028 | D:6      | Reached XP level 9. HP: 43/79 MP: 8/8
  6405 | D:6      | Noticed a cyclops
  6415 | D:6      | Killed a cyclops
  6891 | D:6      | Reached skill level 10 in Axes
  7267 | D:7      | HP: 1/79 [orc priest/+1 hand axe of freezing (6)]
  7267 | D:7      | Slain by an orc priest

Illustrated notes

Levels and vault maps discovered:
D:1:      eino_arrival_water_star, layout_rooms
D:2:      layout_basic, shapermc_ecumenical_altar_starsandcircs
D:3:      layout_loops_ring, uniq_terence, uniq_jessica, uniq_grinder, uniq_ijyb
D:4:      layout_cave_pools, jmf_multi_god_temple, zin_scriptorium,
          serial_bayou, serial_bayou_shore_a, serial_bayou_pond_b,
          serial_bayou_lagoon_a, serial_bayou_lagoon_b, uniq_eustachio
D:5:      layout_cave_pools, mainiacjoe_overflow_catwalk,
          minmay_temple_entry_grid
D:6:      layout_basic, minmay_microvault
D:7:      layout_loops_ring
Temple:   nicolae_temple_god_jail

Skill      XL: |  1  2  3  4  5  6  7  8  9 |
---------------+----------------------------+-----
Axes           | 4 5 6 7 9 10 | 10.1
Fighting       | 4 5 6 7 |  7.5
Ranged Weapons | 1 2 3 4 5 7 8 |  8.1
Evocations     | 1 2 3 4 |  4.1
Dodging        | |  3.2
Stealth        | |  1.5

Action                   |  1- 3 |  4- 6 |  7- 9 || total
-------------------------+-------+-------+-------++-------
Melee: Hand axe          |    48 |    41 |    18 ||   107
       Headbutt          |     8 |    10 |    27 ||    45
       War axe           |       |       |   112 ||   112
       Punch             |       |       |     1 ||     1
       Spear             |       |       |     2 ||     2
 Fire: Sling             |    30 |    49 |   107 ||   186
       Shortbow          |       |       |     5 ||     5
Throw: Stone             |     6 |       |       ||     6
       Dart              |       |       |     3 ||     3
Invok: Heroism           |       |       |     4 ||     4
Evoke: Wand              |       |     5 |     8 ||    13
  Use: Scroll            |       |     3 |     1 ||     4
Armor: Robe              |     3 |       |       ||     3
       Chain mail        |    21 |     9 |       ||    30
       Ring mail         |       |    20 |    50 ||    70
Dodge: Dodged            |    26 |    30 |    78 ||   134
Block: Other             |       |       |    22 ||    22
       Reflection        |       |       |     2 ||     2

Table legend: (Time is in decaauts)
 A = Elapsed time spent in this place.
 B = Non-inter-level travel time spent in this place.
 C = Inter-level travel time spent in this place.
 D = Time resting spent in this place.
 E = Time spent auto-exploring this place.
 F = Levels seen in this place.
 G = Mean time per level.
                   A        B        C        D        E       F      G
               +--------+--------+--------+--------+--------+-----+--------+
         Total |   7355 |   7129 |    226 |   2101 |   3880 |   8 |  919.4 |
       Dungeon |   7311 |   7100 |    211 |   2101 |   3864 |   7 | 1044.4 |
        Temple |     43 |     28 |     15 |      0 |     16 |   1 |   43.0 |
               +--------+--------+--------+--------+--------+-----+--------+

Top non-repeatable levels by time:
     D:2: 1933 daAuts
     D:6: 1503 daAuts
     D:4: 1207 daAuts
     D:3: 1175 daAuts
     D:1: 858 daAuts
     D:5: 557 daAuts
     D:7: 76 daAuts
  Temple: 43 daAuts
